 Dungeon Crawl Stone Soup version 0.30-a0-728-gc68057be0a (webtiles) character file.

Game seed: 4001107508765399434

74 BigDaddyOpFi the Trooper (level 4, -1/41 HPs)
             Began as a Hill Orc Fighter on Jan 30, 2023.
             Slain by a gnoll
             ... wielding a +0 halberd
              (8 damage)
             ... on level 3 of the Dungeon.
             The game lasted 00:01:33 (1437 turns).

BigDaddyOpFi the Trooper (Hill Orc Fighter)         Turns: 1437, Time: 00:01:33

Health: -1/41      AC:  7    Str: 20    XL:     4   Next: 28%
Magic:  4/4        EV:  9    Int:  8    God:
Gold:   145        SH:  4    Dex: 10    Spells: 3/3 levels left

rFire   . . .      SeeInvis .    a - +0 war axe
rCold   . . .      Faith    .    c - +0 buckler
rNeg    . . .      Spirit   .    b - +0 scale mail
rPois   .          Reflect  .    (no helmet)
rElec   .          Harm     .    (no cloak)
rCorr   .          Rampage  .    (no gloves)
Will    .....                    (no boots) Stlth
                                 (no amulet)
HPRegen 0.26/turn                (no ring)
MPRegen 0.09/turn                (no ring)

@: mighty
A: no striking features
a: no special abilities


You were on level 3 of the Dungeon.
You visited 1 branch of the dungeon, and saw 3 of its levels.

You collected 145 gold pieces.

Inventory:

Hand Weapons
 a - a +0 war axe (weapon)
 k - a +0 trident
Armour
 b - a +0 scale mail (worn)
 c - a +0 buckler (worn)
Scrolls
 g - a scroll of fog {unknown}
 j - 2 scrolls of identify {unknown}
 l - a scroll of amnesia {unknown}
 m - a scroll of magic mapping {unknown}
 q - 2 scrolls of blinking {unknown}
Potions
 d - 2 potions of might
 e - a potion of mutation {unknown}
 f - 2 potions of curing {unknown}
 h - 2 potions of berserk rage {unknown}
 i - a potion of heal wounds {unknown}
 n - 2 potions of attraction {unknown}
 o - a potion of brilliance {unknown}
 p - a potion of lignification {unknown}


   Skills:
 + Level 4.3 Fighting
 + Level 3.7 Axes
 + Level 3.9 Armour
 + Level 4.0 Shields


You had 3 spell levels left.
You didn't know any spells.
Your spell library contained the following spells:

 Spells                   Type           Power      Damage    Failure   Level
 Sublimation of Blood     Necr           0%         N/A       94%         2
 Wereblood                Tmut           0%         N/A       94%         2
 Summon Hydra             Summ           0%         N/A       100%        7


Dungeon Overview and Level Annotations

Branches:
Dungeon (3/15)

Altars:

Shops:
D:2 :


Message History

You hit the gnoll.
The gnoll is heavily wounded.
The gnoll hits you but does no damage.
You feel very mighty all of a sudden. The gnoll hits you with a +0 club.
You closely miss the gnoll.
The gnoll is moderately wounded.
The gnoll barely misses you. You block the gnoll's attack.
You slash the gnoll!
The gnoll is almost dead.
The gnoll hits you but does no damage.
The gnoll hits you from afar with a +0 halberd.
The gnoll barely misses you. You block the gnoll's attack.
You slash the gnoll!
You kill the gnoll!
You block the gnoll's attack.
Your Shields skill increases to level 4!
Found 2 smoky cyan potions.
The gnoll closely misses you.
You see here a +0 club.
The gnoll hits you with a +0 halberd! The gnoll closely misses you.
You closely miss the gnoll. You barely miss the gnoll.
The gnoll closely misses you. The gnoll hits you with a +0 halberd.
You closely miss the gnoll. You barely miss the gnoll.
The gnoll closely misses you. The gnoll hits you with a +0 halberd.
You block the gnoll's attack. The gnoll hits you with a +0 halberd.
You hit the gnoll.
The gnoll is lightly wounded.
You hit the gnoll. The gnoll hits you with a +0 halberd.
The gnoll hits you but does no damage.
You barely miss the gnoll.
The gnoll is lightly wounded.
You closely miss the gnoll. The gnoll barely misses you.
The gnoll hits you with a +0 halberd.
* * * LOW HITPOINT WARNING * * *
You closely miss the gnoll.
The gnoll is lightly wounded.
You barely miss the gnoll. The gnoll hits you with a +0 halberd.
* * * LOW HITPOINT WARNING * * *
The gnoll hits you with a +0 halberd!
You die...

... ....# #..#
#..#####. #.......
#.##..#
#....g#######
######..#.)@g....#
#.........######!#
###.####.....#
#............#
#.#<#######..#
#.#.# #.$# # #.#
#.... ... #.....
... #..#.#


You could see 2 gnolls.

Vanquished Creatures
  An adder (D:2)
  A gnoll (D:3)
  A worm (D:2)
  A dart slug (D:1)
  8 endoplasms
  A giant cockroach (D:2)
  3 goblins
  5 hobgoblins
  4 jackals (D:1)
  A kobold (D:2)
  2 quokkas
  4 ball pythons
  6 bats
  2 frilled lizards (D:1)
  5 rats
45 creatures vanquished.

Notes
Turn   | Place    | Note
-------+----------+-------------------------------------------
     0 | D:1      | BigDaddyOpFi the Hill Orc Fighter began the quest for the
                  | Orb.
     0 | D:1      | Reached XP level 1. HP: 19/19 MP: 1/1
   183 | D:1      | Reached XP level 2. HP: 27/27 MP: 2/2
   450 | D:1      | Reached XP level 3. HP: 33/33 MP: 3/3
   830 | D:2      | Found Dumnadd's Book Shop.
  1107 | D:2      | Reached XP level 4. HP: 39/40 MP: 4/4
  1437 | D:3      | Slain by a gnoll

Illustrated notes

Levels and vault maps discovered:
D:1:      heliophobic_arrival_ceremonial_halls, layout_loops_ring,
          serial_bayou_pond_d
D:2:      cheibrodos_helix_gallery, layout_rooms, serial_shops,
          nicolae_shop_trees, nicolae_figureground_sparkle
D:3:      layout_loops_ring, ebering_ghost_reflecting_pool, serial_shops,
          shop_scrolls

Skill      XL: |  1  2  3  4 |
---------------+-------------+-----
Axes           | 3 |  3.7
Fighting       | 4 |  4.3
Shields        | 4 |  4.0
Armour         | |  3.9

Action                     |  1- 3 |  4- 6 || total
---------------------------+-------+-------++-------
  Melee: War axe           |   107 |    25 ||   132
    Use: Potion            |       |     1 ||     1
 Armour: Scale mail        |    63 |    12 ||    75
  Dodge: Dodged            |    52 |    16 ||    68
  Block: Buckler           |    22 |     8 ||    30

Table legend: (Time is in decaauts)
 A = Elapsed time spent in this place.
 B = Non-inter-level travel time spent in this place.
 C = Inter-level travel time spent in this place.
 D = Time resting spent in this place.
 E = Time spent auto-exploring this place.
 F = Levels seen in this place.
 G = Mean time per level.
                   A        B        C        D        E       F      G
               +--------+--------+--------+--------+--------+-----+--------+
         Total |   1484 |   1450 |     34 |      0 |   1140 |   3 |  494.7 |
       Dungeon |   1484 |   1450 |     34 |      0 |   1140 |   3 |  494.7 |
               +--------+--------+--------+--------+--------+-----+--------+

Top non-repeatable levels by time:
     D:1: 824 daAuts
     D:2: 634 daAuts
     D:3: 25 daAuts
